 Dungeon Crawl Stone Soup version 0.29-a0-559-g359e09b9d1 (console) character file.

Game seed: 14961963034229220192

70 om the Insei (level 4, 0/32 HPs)
             Began as a Djinni Transmuter on June 9, 2022.
             Slain by Jessica
             ... wielding a +0 club
              (7 damage)
             ... on level 3 of the Dungeon.
             The game lasted 00:05:14 (2779 turns).

om the Insei (Djinni Transmuter)                    Turns: 2779, Time: 00:05:14

Health: 0/32       AC:  3    Str: 11    XL:     4   Next: 44%
Gold:   112        EV: 12    Int: 15    God:
                   SH:  0    Dex: 13

rFire   + + .      SeeInvis .     - Unarmed
rCold   x . .      Faith    .   (no shield)
rNeg    . . .      Spirit   .   j - +0 leather armour
rPois   ∞          Reflect  .   (no helmet)
rElec   .          Harm     .   (no cloak)
rCorr   .          Rampage  .   (no gloves)
Will    .....                   (boots unavailable)
Stlth   +.........              (no amulet)
HPRegen 0.10/turn               (no ring)
MPRegen 0.00/turn               (no ring)

@: mighty, flying, slowed, very slow
A: sickness immunity, fire resistance 2, cold vulnerability 1, float, innate
caster, HP casting, extra vitality 1
a: no special abilities


You were on level 3 of the Dungeon.
You visited 1 branch of the dungeon, and saw 3 of its levels.

You collected 112 gold pieces.

Inventory:

Hand Weapons
 e - a +1 dagger of venom
Armour
 a - a +0 robe
 j - a +0 leather armour (worn)
Scrolls
 c - 5 scrolls of teleportation
 d - a scroll of poison
Potions
 b - 2 potions of lignification
 f - a potion of might
 g - 2 potions of brilliance {unknown}
 h - a potion of mutation {unknown}
 i - a potion of heal wounds {unknown}
 k - a potion of ambrosia {unknown}


   Skills:
 - Level 1.5 Fighting
 + Level 1.1 Armour
 + Level 2.9 Dodging
 * Level 3.7 Unarmed Combat
 * Level 2.0 Spellcasting


You couldn't memorise any spells.
You knew the following spells:

 Your Spells              Type           Power      Damage    Failure   Level
a - Beastly Appendage     Tmut           14%        N/A       12%         1
b - Wereblood             Tmut           7%         N/A       19%         2
c - Spider Form           Tmut/Pois      7%         N/A       36%         3
d - Ice Form              Ice/Tmut       7%         N/A       77%         4
e - Slow                  Hex            28%        N/A       12%         1
Your spell library was empty.

Dungeon Overview and Level Annotations

Branches:
Dungeon (3/15)

Altars:

Annotations:
D:3 Jessica


Innate Abilities, Weirdness & Mutations

You are immune to sickness and miasma.
You are immune to poison.
Your flesh is very heat resistant. (rF++)
You are vulnerable to cold. (rC-)
You float through the air rather than walking.
You learn spells naturally, not from books.
Your magical power is your life essence.
You have superior vitality. (+4 MHP)


Message History

Jessica mumbles some strange words.
Jessica blinks!
You are too injured to fight recklessly!
You hit the jackal.
The jackal is moderately wounded.
The jackal barely misses you. The jackal bites you.
The jackal barely misses you.
You closely miss the jackal.
The jackal is moderately wounded.
The jackal closely misses you.
The jackal bites you but does no damage.
You closely miss the jackal. Your headbutt misses the jackal.
The jackal is moderately wounded.
Jessica casts a spell.
Jessica blinks!
The jackal barely misses you.
You hit the jackal but do no damage.
The jackal is moderately wounded.
Your horns disappear.
The jackal bites you but does no damage.
Jessica gestures wildly while chanting.
Jessica blinks!
The jackal bites you.
* * * LOW HITPOINT WARNING * * *
You hit the jackal.
The jackal is heavily wounded.
The jackal misses you. The jackal bites you.
* * * LOW HITPOINT WARNING * * *
It was a potion of might.
You feel very mighty all of a sudden. The jackal barely misses you.
Jessica shouts, "You're disturbing me!
I'll have to kill you!"
The jackal bites you but does no damage.
You closely miss the jackal.
The jackal is heavily wounded.
The jackal bites you but does no damage. x2
You closely miss the jackal.
The jackal is heavily wounded.
The jackal closely misses you. The jackal barely misses you.
You hit the jackal.
You kill the jackal!
Jessica hits you with a +0 club!
You die...

...... #...#
##...##
##.....##
###......<###
#...........#
#.#....<..#.
#.##...........
#@###...#.#.#.#
#@# ##........
#.# #.##.#.# .
... ... .....
..# ##.. ..#..
#... .. ..#..
#.## #.


You could see Jessica (fast).

Vanquished Creatures
  An adder (D:2)
  2 worms (D:2)
  2 dart slugs
  2 ball pythons
  4 bats
  2 endoplasms
  2 giant cockroaches
  5 hobgoblins
  5 jackals (D:3)
  3 kobolds
  A quokka (D:1)
  12 frilled lizards
  7 goblins
  2 rats (D:2)
50 creatures vanquished.

Notes
Turn   | Place    | Note
-------+----------+-------------------------------------------
     0 | D:1      | om the Djinni Transmuter began the quest for the Orb.
     0 | D:1      | Reached XP level 1. HP: 17/17 MP: 0/0
   200 | D:1      | Found a faded altar of an unknown god.
   491 | D:1      | Reached XP level 2. HP: 7/22 MP: 0/0
  1779 | D:2      | Reached XP level 3. HP: 26/27 MP: 0/0
  1779 | D:2      | Learned a level 1 spell: Slow
  2443 | D:2      | Reached skill level 1 in Armour
  2443 | D:2      | Reached XP level 4. HP: 30/32 MP: 0/0
  2762 | D:3      | Noticed Jessica
  2779 | D:3      | Slain by Jessica

Illustrated notes

Levels and vault maps discovered:
D:1:      matt_arrival_los_fun, layout_loops_corners,
          hellmonk_ecumenical_altar_arch_garden
D:2:      layout_basic, minmay_lizard_pond
D:3:      layout_loops_ring, minitemple, dreamdust_princess_bridge,
          uniq_terence, uniq_jessica

Skill      XL: |  1  2  3  4 |
---------------+-------------+-----
Armour         | 1 |  1.1
Spellcasting   | 2 |  2.0
Fighting       | |  1.5
Dodging        | |  2.9
Unarmed Combat | |  3.7

Action                   |  1- 3 |  4- 6 || total
-------------------------+-------+-------++-------
Melee: Dagger            |    56 |       ||    56
       Unarmed           |    20 |    48 ||    68
       Punch             |     2 |     2 ||     4
       Headbutt          |    11 |     7 ||    18
 Cast: Beastly Appendage |    26 |     4 ||    30
       Wereblood         |       |     2 ||     2
  Use: Scroll            |     4 |     2 ||     6
       Potion            |       |     1 ||     1
Armor: Robe              |     5 |       ||     5
       Leather armour    |     7 |    16 ||    23
Dodge: Dodged            |    45 |    31 ||    76

Table legend: (Time is in decaauts)
 A = Elapsed time spent in this place.
 B = Non-inter-level travel time spent in this place.
 C = Inter-level travel time spent in this place.
 D = Time resting spent in this place.
 E = Time spent auto-exploring this place.
 F = Levels seen in this place.
 G = Mean time per level.
                   A        B        C        D        E       F      G
               +--------+--------+--------+--------+--------+-----+--------+
         Total |   2778 |   2650 |    128 |    559 |   1640 |   3 |  926.0 |
       Dungeon |   2778 |   2650 |    128 |    559 |   1640 |   3 |  926.0 |
               +--------+--------+--------+--------+--------+-----+--------+

Top non-repeatable levels by time:
     D:1: 1764 daAuts
     D:2: 960 daAuts
     D:3: 53 daAuts
